 Dungeon Crawl Stone Soup version 0.28-a0-1518-gbe868bca14 (webtiles) character file.

Game seed: 17861461648635845213

66814 fragbeetle the Grappler (level 14, -10/144 (146) HPs)
             Began as a Black Draconian Transmuter on Jan 17, 2022.
             Was an Initiate of Gozag.
             Mangled by a troll (13 damage)
             ... on level 2 of the Orcish Mines.
             The game lasted 01:11:34 (31391 turns).

fragbeetle the Grappler (DrTm)                     Turns: 31391, Time: 01:11:34

HP:   -10/144 (146) AC:  9    Str: 25    XL:     14   Next: 80%
MP:   20/21         EV: 13    Int: 17    God:    Gozag
Gold: 842           SH:  0    Dex: 14    Spells: 2/23 levels left

rFire   . . .      SeeInvis .     - Unarmed
rCold   + + +      Faith    .   (shield currently unavailable)
rNeg    . . .      Spirit   .   (armour unavailable)
rPois   +          Reflect  .   (helmet currently unavailable)
rElec   +          Harm     .   (cloak currently unavailable)
rCorr   .          Rampage  .   (gloves currently unavailable)
Will    +....                   (boots currently unavailable)
Stlth   +++.......              W - amulet of magic regeneration
HPRegen 0.34/turn               O - ring of the Three Tales {rElec rPois rF+ Str+3 Int+4}
MPRegen 0.57/turn               x - +6 ring of strength

@: ice-form, lightly drained
A: freezing attack, amphibious, boosted hp, (breathe lightning), AC +8, large,
unfitting armour, (big wings), (electricity resistance), (cold-blooded)
a: End Transformation, Renounce Religion, Potion Petition, Call Merchant, Bribe
Branch


You were on level 2 of the Orcish Mines.
You worshipped Gozag.
Gozag was pleased with you.
You were a creature of crystalline ice.
You visited 4 branches of the dungeon, and saw 21 of its levels.
You also visited: Sewer.

You collected 6479 gold pieces.
You spent 2513 gold pieces at shops.
You paid 3124 gold pieces to Gozag.

Inventory:

Hand Weapons
 h - a +0 hunting sling
Missiles
 e - 139 sling bullets
 m - 22 boomerangs (quivered)
 n - 43 poisoned darts
 v - 7 curare-tipped darts
 E - 6 atropa-tipped darts
Armour
 g - a +2 pair of boots of rampaging (melded)
 J - a +1 kite shield of protection
 P - a +2 cloak (melded)
Magical Staves
 k - a staff of poison (melded)
Jewellery
 q - an amulet of guardian spirit
 u - a ring of resist corrosion
 w - a ring of positive energy
 x - a +6 ring of strength (right front paw)
 z - a ring of poison resistance
 N - a ring of wizardry
 O - the ring of the Three Tales (left front paw) {rElec rPois rF+ Str+3 Int+4}
   (You bought it in a shop on level 8 of the Dungeon)

   [ring of protection from fire]

   Str:       It affects your strength (+3).
   Int:       It affects your intelligence (+4).
   rF:        It protects you from fire.
   rElec:     It insulates you from electricity.
   rPois:     It protects you from poison.
 W - an amulet of magic regeneration (around neck)
 Z - a ring of see invisible
Wands
 f - a wand of polymorph (4)
 o - a wand of acid (4)
 B - a wand of flame (26)
 L - a wand of iceblast (2)
 V - a wand of paralysis (11)
Scrolls
 a - 4 scrolls of enchant weapon
 b - 5 scrolls of teleportation
 c - a scroll of magic mapping {unknown}
 j - a scroll of brand weapon {unknown}
 r - a scroll of immolation {unknown}
 t - 4 scrolls of enchant armour
 y - 5 scrolls of blinking
 C - 5 scrolls of fear {unknown}
 F - a scroll of silence {unknown}
 G - a scroll of amnesia {unknown}
 H - 3 scrolls of noise {unknown}
 S - a scroll of fog {unknown}
 Y - a scroll of summoning {unknown}
Potions
 d - 2 potions of haste
 i - 6 potions of curing
 l - 5 potions of flight
 p - 2 potions of heal wounds
 s - 3 potions of brilliance
 D - 2 potions of lignification
 I - 2 potions of mutation
 Q - 3 potions of magic
 T - a potion of cancellation {unknown}
Miscellaneous
 U - a tin of tremorstones (2/2)


   Skills:
 + Level 10.5 Fighting
 + Level 8.9 Dodging
 + Level 4.9 Stealth
 * Level 13.7 Unarmed Combat
 - Level 5.0 Spellcasting
 * Level 13.6 Transmutations
 - Level 8.0 Ice Magic
 + Level 2.2 Earth Magic
 - Level 8.0 Poison Magic


You had 2 spell levels left.
You knew the following spells:

 Your Spells              Type           Power      Damage    Failure   Level
a - Beastly Appendage     Tmut           100%       N/A       1%          1
b - Spider Form           Tmut/Pois      40%        N/A       1%          3
c - Ice Form              Ice/Tmut       40%        N/A       1%          4
d - Ensorcelled Hibernat  Hex/Ice        34%        N/A       4%          2
e - Passwall              Tmut/Erth      25%        N/A       1%          2
f - Ozocubu's Armour      Ice            31%        N/A       1%          3
g - Statue Form           Tmut/Erth      20%        N/A       65%         6

Your spell library contained the following spells:

 Spells                   Type           Power      Damage    Failure   Level
 Wereblood                Tmut           50%        N/A       1%          2
 Magic Dart               Conj           16%        1d3       14%         1
 Slow                     Hex            16%        N/A       14%         1
 Summon Small Mammal      Summ           16%        N/A       14%         1
 Call Imp                 Summ           4%         N/A       22%         2
 Mephitic Cloud           Conj/Pois/Air  13%        N/A       14%         3
 Call Canine Familiar     Summ           4%         N/A       38%         3
 Confusing Touch          Hex            4%         N/A       38%         3
 Summon Guardian Golem    Hex/Summ       4%         N/A       38%         3
 Swiftness                Air            4%         N/A       38%         3
 Vampiric Draining        Necr           4%         2d6       38%         3
 Leda's Liquefaction      Hex/Erth       4%         N/A       65%         4
 Freezing Cloud           Conj/Ice/Air   6%         6-21      80%         5
 Lee's Rapid Deconstruct  Erth           5%         3d7*      85%         5
 Fireball                 Conj/Fire      2%         3d4       98%         5
 Simulacrum               Ice/Necr       8%         N/A       99%         6
 Ozocubu's Refrigeration  Ice            15%        4d8       99%         7
 Starburst                Conj/Fire      2%         6d3       100%        6
 Ignition                 Fire           2%         3d3       100%        8
 Polar Vortex             Ice            15%        N/A       100%        9


Dungeon Overview and Level Annotations

Branches:
Dungeon (12/15)            Temple (1/1) D:6            Lair (6/6) D:9
  Swamp (0/4) Lair:2        Snake (0/4) Lair:3        Slime (0/5) Lair:6
    Orc (2/2) D:12            Elf (0/3) Orc:2         Sewer (visited)

Altars:
Ashenzari
Cheibriados
Dithmenos
Elyvilon
Fedhas
Gozag
Hepliaklqana
Kikubaaqudgha
Makhleb
Nemelex Xobeh
Okawaru
Qazlal
Ru
Sif Muna
Trog
Uskayaw
Vehumet
Wu Jian
Xom
Yredelemnul
Zin
The Shining One
Beogh
Jiyva

Shops:
D:2 (   D:8 *   D:11 (   Orc:1 :   Lair:1 *   Lair:3 =

Annotations:
D:6 dig
D:11 Urug
Lair:3 1 runed translucent door, comborobin's ghost, journeyman TrBr
Lair:4 exclusion: door


Innate Abilities, Weirdness & Mutations

You are a creature of crystalline ice.
You have a powerful freezing melee attack.
You are amphibious.
Your maximum health is increased.
Your armour is entirely melded.
You are incapable of wielding weapons or throwing items.
((You can breathe wild blasts of lightning.))
((Your glossy black scales are hard. (AC +8)))
You cannot fit into any form of body armour.
((Your large and strong wings let you fly.))
((You are resistant to electric shocks. (rElec)))
((You are cold-blooded and may be slowed by cold attacks.))


Message History

You start resting.
HP restored.
There is a stone staircase leading down here.
Casting: Ice Form (mildly dangerous; 1% risk of failure)
Confirm with . or Enter, or press ? or * to list all spells.
You turn into a creature of crystalline ice.
Your staff of poison melds into your body.
Your +2 cloak melds into your body.
Your +2 pair of boots of rampaging melds into your body.
You no longer feel able to rampage towards enemies.
You climb downwards.
The two-headed ogre closely misses you.
The two-headed ogre hits you with a +0 giant spiked club!
The two-headed ogre hits you but does no damage.
The two-headed ogre hits you with a +0 dire flail.
The troll misses you. The troll claws you! The troll claws you.
The two-headed ogre barely misses you.
The two-headed ogre hits you with a +0 giant spiked club.
There is a stone staircase leading up here.
You punch the two-headed ogre! You freeze the two-headed ogre.
The two-headed ogre is moderately wounded.
The two-headed ogre hits you with a +0 giant club!
The two-headed ogre hits you with a +0 dire flail.
The troll bites you. The troll barely misses you. The troll closely misses you.
You hit the two-headed ogre. You freeze the two-headed ogre.
The two-headed ogre is moderately wounded.
The two-headed ogre barely misses you.
The two-headed ogre hits you with a +0 giant spiked club!
The troll closely misses you. The troll barely misses you.
The troll claws you but does no damage.
Unknown command.
The two-headed ogre hits you with a +0 giant club!!
The two-headed ogre hits you with a +0 dire flail.
The deep troll closely misses you. The deep troll claws you!
* * * LOW HITPOINT WARNING * * *
The deep troll misses you.
The two-headed ogre hits you with a +0 giant spiked club!!
* * * LOW HITPOINT WARNING * * *
The two-headed ogre barely misses you. The troll bites you!
You die...
Your body crumbles into a pile of gold.

.....................#
....................##
....$................#
..T.................##
...O................##
.....................#
OO....$.............##
..<.OO$..............#
.............[.TY....#
...###..)......OOT...#
...# ###.............#
...####.##...........#
....#....#..........##
.........#..........##
.#.##.#..............#
..####..............##
.## ##.#...#.......##


You could see 2 two-headed ogres, a deep troll and a troll.

Vanquished Creatures
  A fire dragon (D:10)
  Josephine (Lair:4)
  An ice dragon (Lair:6)
  2 boulder beetles
  3 catoblepae
  2 ogre magi
  6 hydras
  An anaconda (Lair:4)
  7 death yaks
  A deep troll shaman (Lair:6)
  9 two-headed ogres
  Sonja (Lair:3)
  Nergalle (D:10)
  A swamp dragon (Lair:2)
  An orc knight (D:12)
  21 elephants
  2 orc sorcerers (Orc:1)
  3 cyclopes
  A manticore (D:10)
  10 black mambas
  13 cane toads
  A rime drake (Lair:5)
  A torpor snail (Lair:4)
  An unseen horror (D:12)
  3 komodo dragons
  3 polar bears
  6 trolls
  12 blink frogs
  4 dream sheep
  A meliai zombie (D:11)
  Sigmund (D:4)
  3 wyverns
  49 yaks
  4 basilisks
  4 wraiths
  A steam dragon (Lair:4)
  2 fire bats (Lair:3)
  2 wargs (D:12)
  An acid dragon (D:10)
  6 nagas (Lair:3)
  17 orc warriors
  19 water moccasins
  2 black bears
  4 centaurs
  15 ogres
  18 wolves
  6 kobold brigands
  A gnoll sergeant (D:10)
  14 bullfrogs
  A water moccasin zombie (D:5)
  5 killer bees (D:10)
  10 wights
  2 electric eels
  3 centaur zombies
  4 bullfrog zombies
  31 orc priests
  A hound (D:6)
  A bullfrog skeleton (D:7)
  3 jellies
  4 iguanas
  17 orc wizards
  5 hell rats (Lair:4)
  7 gnolls
  5 adders
  A river rat (Sewer)
  4 white imps
  2 ufetubi
  An adder skeleton (D:4)
  2 worms
  5 dart slugs
  71 orcs
  6 endoplasms
  3 giant cockroaches
  3 goblins
  9 hobgoblins
  4 jackals (D:1)
  A quokka (D:2)
  9 ball pythons
  12 bats
  11 frilled lizards
  36 kobolds
  10 rats
  A spectral goblin (D:10)
579 creatures vanquished.

Vanquished Creatures (others)
  A bush (Lair:2)
  30 fungi
  49 plants
80 creatures vanquished.

Grand Total: 659 creatures vanquished

Notes
Turn   | Place    | Note
-------+----------+-------------------------------------------
     0 | D:1      | fragbeetle the Draconian Transmuter began the quest for the
                  | Orb.
     0 | D:1      | Reached XP level 1. HP: 16/16 MP: 3/3
   225 | D:1      | Reached XP level 2. HP: 4/23 MP: 3/5
   693 | D:1      | Found a faded altar of an unknown god.
   738 | D:1      | Reached XP level 3. HP: 24/29 MP: 6/6
   742 | D:1      | Learned a level 3 spell: Spider Form
  1584 | D:2      | Reached XP level 4. HP: 36/36 MP: 5/7
  1615 | D:2      | Found Ucson's Weapon Shoppe.
  1619 | D:2      | Bought a +0 hunting sling for 15 gold pieces
  1949 | D:2      | Reached skill level 1 in Poison Magic
  2840 | D:3      | Reached XP level 5. HP: 41/41 MP: 6/8
  2845 | D:3      | Learned a level 4 spell: Ice Form
  3999 | D:4      | Reached XP level 6. HP: 38/50 MP: 7/9
  4066 | D:4      | Noticed Sigmund
  4091 | D:4      | Killed Sigmund
  4092 | D:4      | Reached skill level 1 in Ice Magic
  4562 | D:5      | Entered Level 5 of the Dungeon
  4973 | D:5      | Your scales start taking on a glossy black colour.
  4973 | D:5      | Reached XP level 7. HP: 46/57 MP: 10/10
  4973 | D:5      | Gained mutation: You are resistant to electric shocks.
                  | (rElec) [Black Draconian growth]
  5047 | D:5      | Reached skill level 5 in Unarmed Combat
  5384 | D:5      | Learned a level 2 spell: Ensorcelled Hibernation
  5752 | D:6      | Found a glowing drain.
  5769 | Sewer    | Entered a sewer
  6288 | Sewer    | Found a white marble altar of Elyvilon.
  6396 | D:6      | Reached skill level 5 in Transmutations
  6402 | D:6      | Reached XP level 8. HP: 29/66 MP: 9/11
  6645 | D:6      | Found a staircase to the Ecumenical Temple.
  6651 | Temple   | Entered the Ecumenical Temple
  6792 | Temple   | Became a worshipper of Gozag Ym Sagoz the Greedy
  7470 | D:6      | Found a radiant altar of Vehumet.
  7474 | D:6      | Found a hide-covered altar of Uskayaw.
  8525 | D:7      | Reached XP level 9. HP: 72/72 MP: 8/12
  8566 | D:7      | You are sucked into a shaft and drop 2 floors!
  8914 | D:7      | Reached skill level 5 in Fighting
 10101 | D:8      | Found a snail-covered altar of Cheibriados.
 10166 | D:8      | Bought a potion of mutation for 96 gold pieces
 10166 | D:8      | Bought a potion of attraction for 36 gold pieces
 10251 | D:8      | Noticed a komodo dragon
 10268 | D:8      | Killed a komodo dragon
 10740 | D:8      | Reached XP level 10. HP: 74/83 MP: 10/13
 11107 | D:8      | Reached skill level 5 in Dodging
 11660 | D:9      | Reached skill level 5 in Poison Magic
 12081 | D:9      | Found a staircase to the Lair.
 12100 | Lair:1   | Entered Level 1 of the Lair of Beasts
 12100 | Lair:1   | Noticed a cane toad
 12592 | D:10     | Entered Level 10 of the Dungeon
 12804 | D:10     | Reached skill level 5 in Ice Magic
 13227 | D:10     | Noticed Nergalle
 13448 | D:10     | Found a hazy altar of Hepliaklqana.
 13679 | D:10     | Noticed a fire dragon
 13796 | D:8      | Bought the ring of the Three Tales {rElec rPois rF+ Str+3
                  | Int+4} for 694 gold pieces
 13877 | Lair:1   | Killed a cane toad
 14091 | Lair:1   | Noticed a black mamba
 14233 | Lair:1   | Killed a black mamba
 14736 | Lair:2   | Noticed a black mamba
 14745 | Lair:1   | Killed a black mamba
 14746 | Lair:1   | Reached XP level 11. HP: 37/91 MP: 10/14
 16187 | Lair:2   | Reached skill level 10 in Unarmed Combat
 16314 | Lair:2   | Noticed a catoblepas
 16326 | Lair:2   | Noticed a five-headed hydra
 16578 | Lair:2   | Reached skill level 10 in Transmutations
 16636 | Lair:2   | Noticed a swamp dragon
 16659 | Lair:2   | Killed a swamp dragon
 16666 | Lair:2   | Killed a five-headed hydra
 16674 | Lair:2   | Found a staircase to the Swamp.
 16919 | Lair:2   | Killed a catoblepas
 16920 | Lair:2   | Reached XP level 12. HP: 87/101 MP: 10/15
 17671 | Lair:3   | Found a staircase to the Snake Pit.
 18329 | Lair:3   | Noticed Sonja
 18359 | Lair:3   | Killed Sonja
 18650 | Lair:3   | Found a runed translucent door.
 18650 | Lair:3   | Noticed comborobin's ghost (journeyman TrBr)
 19612 | Lair:4   | Noticed Josephine
 19643 | Lair:4   | Killed Josephine
 20151 | Lair:3   | Noticed a catoblepas
 20166 | Lair:3   | Killed a catoblepas
 20173 | Lair:3   | Reached XP level 13. HP: 95/110 MP: 13/16
 21889 | Lair:5   | Reached skill level 1 in Stealth
 22691 | Lair:6   | Entered Level 6 of the Lair of Beasts
 23472 | Lair:1   | Bought a scroll of enchant armour for 120 gold pieces
 23472 | Lair:1   | Bought a potion of magic for 128 gold pieces
 23580 | Lair:6   | Found a viscous altar of Jiyva.
 23580 | Lair:6   | Found a staircase to the Slime Pits.
 24833 | Lair:6   | Gained mutation: Your large and strong wings let you fly.
                  | [Black Draconian growth]
 24833 | Lair:6   | Reached XP level 14. HP: 119/119 MP: 19/19
 25789 | Lair:1   | Bought a +2 pair of boots of rampaging for 344 gold pieces
 25849 | D:10     | Killed Nergalle
 25850 | D:10     | Reached skill level 10 in Fighting
 26047 | D:10     | Found a stormy altar of Qazlal.
 26100 | D:10     | Learned a level 2 spell: Passwall
 26162 | D:10     | Identified the +1 ring mail "Kafoqaph" {*Slow +Inv rCorr
                  | Dex+4}
 26843 | D:11     | Found Reitofu's Weapon Emporium.
 27390 | D:11     | Noticed Urug
 27997 | D:12     | Reached skill level 1 in Earth Magic
 28020 | D:12     | Found a staircase to the Orcish Mines.
 28118 | Orc:1    | Entered Level 1 of the Orcish Mines
 29990 | Orc:2    | Entered Level 2 of the Orcish Mines
 30175 | Orc:1    | Bought Ozocubu's Autobiography for 432 gold pieces
 30175 | Orc:1    | Bought a book of the Earth for 648 gold pieces
 30180 | Orc:1    | Learned a level 3 spell: Ozocubu's Armour
 30187 | Orc:1    | Learned a level 6 spell: Statue Form
 30197 | Orc:2    | Found a staircase to the Elven Halls.
 31150 | Orc:2    | Reached skill level 5 in Spellcasting
 31391 | Orc:2    | HP: 3/144 [two-headed ogre (32)]
 31391 | Orc:2    | Mangled by a troll

Illustrated notes

Levels and vault maps discovered:
D:1:      dpeg_arrival_renting, layout_rooms, chequers_ecumenical_altar_island,
          minmay_surrounded
D:2:      layout_loops_ring, serial_shops, shop, corexii_hall_statues_l
D:3:      layout_basic, kennysheep_crisscross, minmay_misc_feat_four_crosses
D:4:      layout_gridville, kennysheep_donut, uniq_sigmund
D:5:      layout_basic
D:6:      cheibrodos_quashed, layout_basic, grunt_temple_overflow_open,
          minmay_temple_entry_mini_moons, cheibrodos_sewer_entry_drain,
          minmay_microvault
D:7:      layout_cave_pools, david_defended_altar_orc
D:8:      layout_basic, slow_altar_1, minmay_lizard_king
D:9:      layout_cave_pools, david_lair_shrubbed, nicolae_zen_rock_garden
D:10:     layout_stronghold, nicolae_hepliaklqana_monster_ancestors,
          minmay_ruined_shrine, uniq_nergalle
D:11:     layout_long_grid, serial_shops,
          nicolae_shop_temple_entry_statues_fountains, serial_bayou_ford_a,
          uniq_urug
D:12:     layout_big_octagon, david_orc_1_choice
Temple:   mainiacjoe_temple_coin_purse
Lair:1:   layout_hall_layers
Lair:2:   layout_roguey, minmay_swamp_entry_reptiles, nzn_random_ring,
          grunt_megastairs_5, serial_bayou_shore_a
Lair:3:   layout_gridlike, minmay_snake_entry_guardpost_large,
          hellmonk_ghost_happy_afterlife, kennysheep_catoblepas_arena,
          lemuel_fruit_tree, uniq_sonja
Lair:4:   layout_gridlike, minivault_19, nicolae_lair_lakeside_cave,
          uniq_josephine
Lair:5:   layout_regular_city
Lair:6:   grunt_lair_end_beastmaster, layout_regular_city, slime_altar_1,
          bobbens_ice_dragon_lair, infiniplex_staircase_pool_2
Orc:1:    layout_caves, serial_shops, minmay_orc_temple_b
Orc:2:    st_orc_open, layout_caves

Skill      XL: |  1  2  3  4  5  6  7  8  9 10 11 12 13 14 |
---------------+-------------------------------------------+-----
Dodging        | 2 3 4 5 6 7 8 |  8.9
Fighting       | 2 3 4 5 6 7 8 9 10 | 10.5
Transmutations | 3 4 5 6 7 8 10 11 12 13 | 13.6
Poison Magic   | 1 2 3 4 5 6 7 8 |  8.0
Unarmed Combat | 4 5 6 8 9 10 11 12 13 | 13.7
Ice Magic      | 1 2 3 4 5 6 7 8 |  8.0
Stealth        | 3 4 |  4.9
Spellcasting   | 3 5 |  5.0
Earth Magic    | 2 |  2.2

Action                   |  1- 3 |  4- 6 |  7- 9 | 10-12 | 13-15 || total
-------------------------+-------+-------+-------+-------+-------++-------
Melee: Unarmed           |   114 |   145 |   306 |   500 |   549 ||  1614
       Kick              |    20 |    32 |    15 |       |       ||    67
       Tailslap          |     6 |    14 |     2 |       |     1 ||    23
       Headbutt          |     7 |    20 |     8 |       |       ||    35
       Punch             |     4 |     2 |     1 |       |       ||     7
       Staff             |       |       |       |       |     1 ||     1
Throw: Boomerang         |       |       |     7 |       |       ||     7
 Cast: Beastly Appendage |    28 |    39 |     8 |       |       ||    75
       Spider Form       |       |     3 |    30 |     3 |     2 ||    38
       Ice Form          |       |       |     5 |    61 |    77 ||   143
       Ensorcelled Hiber |       |       |       |       |     2 ||     2
       Ozocubu's Armour  |       |       |       |       |     1 ||     1
Invok: Call Merchant     |       |       |     1 |     1 |     2 ||     4
 Abil: Breathe Lightning |       |       |     2 |       |       ||     2
       End Transformatio |       |       |     1 |     2 |       ||     3
Evoke: Wand              |       |       |       |       |     1 ||     1
  Use: Scroll            |       |       |       |     8 |     3 ||    11
       Potion            |       |       |       |     4 |     2 ||     6
 Stab: Sleeping          |       |     1 |       |       |     1 ||     2
       Distracted        |       |       |     1 |     8 |     4 ||    13
       Petrified         |       |       |       |     7 |     2 ||     9
Armor: Skin              |    40 |    33 |    29 |   111 |   164 ||   377
Dodge: Dodged            |    57 |    70 |   189 |   255 |   346 ||   917

Table legend: (Time is in decaauts)
 A = Elapsed time spent in this place.
 B = Non-inter-level travel time spent in this place.
 C = Inter-level travel time spent in this place.
 D = Time resting spent in this place.
 E = Time spent auto-exploring this place.
 F = Levels seen in this place.
 G = Mean time per level.
                   A        B        C        D        E       F      G
               +--------+--------+--------+--------+--------+-----+--------+
         Total |  31166 |  30410 |    756 |   8763 |  14179 |  22 | 1416.6 |
       Dungeon |  16771 |  16279 |    492 |   3988 |   9002 |  12 | 1397.6 |
        Temple |    213 |    213 |      0 |     56 |     94 |   1 |  213.0 |
          Lair |  11828 |  11564 |    264 |   3976 |   4513 |   6 | 1971.3 |
  Orcish Mines |   1732 |   1732 |      0 |    435 |    534 |   2 |  866.0 |
         Sewer |    619 |    619 |      0 |    308 |     36 |   1 |  619.0 |
               +--------+--------+--------+--------+--------+-----+--------+

Top non-repeatable levels by time:
  Lair:6: 2356 daAuts
  Lair:4: 2322 daAuts
     D:8: 2090 daAuts
  Lair:2: 1918 daAuts
  Lair:5: 1866 daAuts
  Lair:3: 1758 daAuts
     D:7: 1690 daAuts
    D:12: 1684 daAuts
    D:10: 1660 daAuts
  Lair:1: 1606 daAuts
     D:9: 1494 daAuts
     D:6: 1343 daAuts
   Orc:1: 1306 daAuts
     D:3: 1222 daAuts
     D:2: 1138 daAuts
